 Dungeon Crawl Stone Soup version 0.28.0 (webtiles) character file.

Game seed: 7121118200704877161

1593 browni3141 the Skirmisher (level 8, -1/73 HPs)
             Began as a Minotaur Berserker on Feb 11, 2022.
             Was a Priest of Trog.
             Slain by a sky beast (6 damage)
             ... on level 6 of the Dungeon.
             The game lasted 00:02:42 (5787 turns).

browni3141 the Skirmisher (Minotaur Berserker)      Turns: 5787, Time: 00:02:43

Health: -1/73      AC:  2    Str: 23    XL:     8   Next: 61%
Magic:  7/7        EV: 14    Int:  4    God:    Trog [***...]
Gold:   299        SH:  0    Dex: 11    Spells: 7/7 levels left

rFire   . . .      SeeInvis .   a - +0 hand axe
rCold   . . .      Faith    .   (no shield)
rNeg    . . .      Spirit   .   b - +0 animal skin
rPois   .          Reflect  .   (helmet restricted)
rElec   .          Harm     .   (no cloak)
rCorr   .          Rampage  .   (no gloves)
Will    .....                   (no boots)
Stlth   +.........              (no amulet)
HPRegen 0.22/turn               (no ring)
MPRegen 0.10/turn               (no ring)

@: no status effects
A: horns 2, retaliatory headbutt
a: Renounce Religion, Berserk, Trog's Hand


You were on level 6 of the Dungeon.
You worshipped Trog.
Trog was most pleased with you.
You visited 2 branches of the dungeon, and saw 7 of its levels.

You collected 299 gold pieces.

Inventory:

Hand Weapons
 a - a +0 hand axe (weapon)
Armour
 b - a +0 animal skin (worn)
Wands
 k - a wand of charming (4)
 o - a wand of polymorph (3)
 q - a wand of flame (25)
Scrolls
 d - 2 scrolls of fear {unknown}
 e - 4 scrolls of identify {unknown}
 g - a scroll of noise {unknown}
 j - a scroll of fog {unknown}
 m - a scroll of blinking {unknown}
 p - 3 scrolls of teleportation {unknown}
 r - a scroll of torment {unknown}
 s - a scroll of vulnerability {unknown}
Potions
 c - 2 potions of might {unknown}
 f - 2 potions of curing {unknown}
 h - 2 potions of haste {unknown}
 i - a potion of heal wounds {unknown}
 l - 2 potions of lignification {unknown}
 n - a potion of mutation {unknown}
 t - 2 potions of attraction {unknown}


   Skills:
 + Level 7.5 Fighting
 + Level 7.5 Axes
 + Level 6.9 Armour
 + Level 6.2 Dodging


You had 7 spell levels left.
You didn't know any spells.
Your spell library was empty.

Dungeon Overview and Level Annotations

Branches:
Dungeon (6/15)             Temple (1/1) D:4

Altars:
Dithmenos
Elyvilon
Okawaru
Sif Muna
Yredelemnul
The Shining One

Shops:
D:4 *


Innate Abilities, Weirdness & Mutations

You have a pair of horns on your head.
You reflexively headbutt those who attack you in melee.


Message History

A sky beast is nearby!
You completely miss the sky beast. You closely miss the sky beast.
The sky beast hits you. The sky beast shocks you.
* * * LOW HITPOINT WARNING * * *
You are too injured to fight recklessly!
You hit the sky beast but do no damage. The sky beast hits you.
* * * LOW HITPOINT WARNING * * *
The sky beast shocks you.
* * * LOW HITPOINT WARNING * * *
You are too injured to fight recklessly!
You hit the sky beast.
You headbutt the sky beast, but do no damage.
The sky beast is lightly wounded.
The sky beast hits you.
* * * LOW HITPOINT WARNING * * *
The sky beast shocks you.
* * * LOW HITPOINT WARNING * * *
You are too injured to fight recklessly!
You barely miss the sky beast.
The sky beast is lightly wounded.
The sky beast misses you. You furiously retaliate!
You headbutt the sky beast, but do no damage.
The sky beast flickers out of sight!
Deactivating autopickup; reactivate with Ctrl-A.
Things that are here:
a +0 giant club; an ogre corpse A sky beast appears from thin air!
Reactivating autopickup.
The sky beast misses you. You furiously retaliate!
You headbutt the sky beast!
Things that are here:
a +0 dagger; a +0 whip; an orc corpse You see here an iguana corpse.
You see here a hound skeleton.
The sky beast flickers out of sight!
Deactivating autopickup; reactivate with Ctrl-A.
Something hits you.
* * * LOW HITPOINT WARNING * * *
Something shocks you.
You die...

≈≈≈.....(.......
#.##.# #)#
#.###.##.###.#
#.......)≈...#
#####.######)#######
#.######†.......
###.##...........#
........{.#.####.#
##...)@÷...#
####.###### #. #. #.
#> #. #.


There were no monsters in sight!

Vanquished Creatures
  Eustachio (D:5)
  An ice beast (D:5)
  3 black bears (D:5)
  4 ogres
  A wyvern zombie (D:6)
  A water moccasin zombie (D:5)
  A howler monkey (D:3)
  A centaur zombie (D:5)
  A bullfrog zombie (D:5)
  3 hounds
  2 orc priests
  Ijyb (D:3)
  A centaur skeleton (D:5)
  4 iguanas
  2 orc wizards
  2 hound skeletons
  Robin (D:2)
  5 adders
  A shadow imp (D:6)
  An ufetubus (D:6)
  An adder skeleton (D:4)
  2 worms
  9 orcs
  3 ball pythons (D:1)
  3 bats
  3 endoplasms
  A giant cockroach (D:2)
  11 goblins
  7 hobgoblins
  2 jackals (D:1)
  4 quokkas
  4 frilled lizards
  8 kobolds
  4 rats
99 creatures vanquished.

Notes
Turn   | Place    | Note
-------+----------+-------------------------------------------
     0 | D:1      | browni3141 the Minotaur Berserker began the quest for the
                  | Orb.
     0 | D:1      | Reached XP level 1. HP: 19/19 MP: 0/0
   413 | D:1      | Found a faded altar of an unknown god.
   416 | D:1      | Reached XP level 2. HP: 27/27 MP: 1/1
   878 | D:2      | Noticed Robin
   881 | D:2      | Reached XP level 3. HP: 33/33 MP: 2/2
   887 | D:2      | Reached ** piety under Trog
   894 | D:2      | Killed Robin
  1563 | D:3      | Noticed Ijyb
  1574 | D:3      | Killed Ijyb
  1575 | D:3      | Reached XP level 4. HP: 28/41 MP: 3/3
  1750 | D:3      | Reached XP level 5. HP: 40/47 MP: 4/4
  2062 | D:3      | Found a shimmering blue altar of Sif Muna.
  2361 | D:3      | Reached skill level 5 in Fighting
  2361 | D:3      | Reached skill level 5 in Axes
  3081 | D:4      | Found a staircase to the Ecumenical Temple.
  3420 | D:4      | Reached XP level 6. HP: 47/56 MP: 5/5
  3494 | D:4      | Found Hoys's Humungous Hoard.
  3800 | D:4      | Found a glowing golden altar of the Shining One.
  4020 | Temple   | Entered the Ecumenical Temple
  4031 | D:5      | Entered Level 5 of the Dungeon
  4261 | D:5      | Reached skill level 5 in Armour
  4261 | D:5      | Reached XP level 7. HP: 56/62 MP: 6/6
  4410 | D:5      | Noticed Eustachio
  4432 | D:5      | Killed Eustachio
  4517 | D:5      | Reached skill level 5 in Dodging
  4853 | D:5      | Reached *** piety under Trog
  4854 | D:5      | Reached XP level 8. HP: 53/71 MP: 7/7
  5787 | D:6      | Slain by a sky beast

Illustrated notes

Levels and vault maps discovered:
D:1:      scummos_arrival_checkerplants, layout_loops_ring,
          shapermc_ecumenical_altar_ellora
D:2:      layout_basic, uniq_robin
D:3:      layout_loops_ring, lemuel_doored_altar, uniq_ijyb
D:4:      cheibrodos_pilgrimage, layout_basic, nicolae_overflow_hidden_temple,
          minmay_temple_entry_wispy, nicolae_alphabet_shops
D:5:      layout_loops_ring, minmay_misc_feat_chi, roderic_roman_lattice,
          uniq_eustachio
D:6:      hellmonk_warped_wall, layout_loops_ring
Temple:   eino_temple_rhombus

Skill      XL: |  1  2  3  4  5  6  7  8 |
---------------+-------------------------+-----
Fighting       | 4 5 6 7 |  7.5
Axes           | 4 5 6 7 |  7.5
Armour         | 3 4 5 6 |  6.9
Dodging        | 3 4 5 6 |  6.2

Action                   |  1- 3 |  4- 6 |  7- 9 || total
-------------------------+-------+-------+-------++-------
Melee: Hand axe          |    68 |    99 |   109 ||   276
       Headbutt          |    12 |    19 |    24 ||    55
       Punch             |       |     2 |     1 ||     3
Invok: Berserk           |     1 |     5 |     3 ||     9
 Stab: Sleeping          |     1 |       |       ||     1
Armor: Animal skin       |     8 |    13 |    10 ||    31
Dodge: Dodged            |    52 |    72 |    75 ||   199
